 Dungeon Sprint DCSS version 0.21-a0-270-g8204059 (webtiles) character file.

120 potatolord6000 the Chopper (level 5, -3/51 HPs)
             Began as a Hill Orc Monk on Sept 13, 2017.
             Was a Priest of Beogh.
             Slain by an orc
             ... wielding a +0 hand axe
              (6 damage)
             ... in the Dungeon (Sprint VII: "The Pits").
             The game lasted 00:01:16 (272 turns).

potatolord6000 the Chopper (Hill Orc Monk)           Turns: 272, Time: 00:01:17

Health: -3/51      AC:  2    Str: 15    XL:     5   Next: 4%
Magic:  3/9        EV: 13    Int: 10    God:    Beogh [***...]
Gold:   0          SH:  0    Dex: 13    Spells: 4/4 levels left

rFire    . . .     SeeInvis .   j - +2 hand axe
rCold    . . .     Gourm    .   (no shield)
rNeg     . . .     Faith    .   b - +0 robe
rPois    .         Spirit   .   (no helmet)
rElec    .         Reflect  .   (no cloak)
rCorr    .         Harm     .   (no gloves)
MR       .....     NoTele   +   (no boots)
Stlth    ++........             (no amulet)
HPRegen  0.17/turn              (no ring)
MPRegen  0.11/turn              (no ring)

@: hasted, very quick
A: no striking features
a: Smiting, Renounce Religion


You were in the Dungeon.
You worshipped Beogh.
Beogh was most pleased with you.
You were not hungry.

You visited 1 branch

Inventory:

Hand Weapons
 j - a +2 hand axe (weapon)
Armour
 b - a +0 robe (worn)
Scrolls
 i - a scroll of blinking
 k - 3 scrolls of remove curse
 l - 5 scrolls of amnesia
 m - a scroll of summoning
Potions
 a - 2 potions of invisibility
 g - 4 potions of magic
 h - 3 potions of berserk rage
Comestibles
 c - 8 bread rations
 n - 40 fruits
 o - 7 meat rations


   Skills:
 + Level 6.8 Fighting
 + Level 7.4 Axes
 + Level 5.1 Armour
 - Level 2.4 Dodging
 - Level 1.5 Stealth
 + Level 5.6 Invocations


You had 4 spell levels left.
You didn't know any spells.

Dungeon Overview and Level Annotations

Branches:
Dungeon (1/1)

Altars:
Ashenzari
Cheibriados
Dithmenos
Elyvilon
Fedhas
Gozag
Hepliaklqana
Kikubaaqudgha
Makhleb
Nemelex Xobeh
Okawaru
Qazlal
Ru
Sif Muna
Trog
Uskayaw
Vehumet
Wu Jian
Xom
Yredelemnul
Zin
The Shining One
Beogh
Jiyva
Lugonu


Message History

You hit the orc.
The orc is almost dead.
The orc hits you with a hand axe.
* * * LOW HITPOINT WARNING * * *
Unknown command.
You closely miss the orc.
The orc is almost dead.
Unknown command.
You barely miss the orc.
The orc is almost dead.
The orc closely misses you.
Unknown command.
You hit the orc but do no damage.
The orc is almost dead.
Unknown command.
You closely miss the orc.
The orc is almost dead.
The orc hits you with a hand axe.
You die...
Beogh appreciates the orc's killing of a heretic priest.

#.?(.')))'.##......#..#.
##########.##...........
#..........)'...........
#+#####'#####......#..#.
#..#..)'.##...........
#..#...#.#####'#####++
#..#####.##.......#
#..'...#.##.......#
#..'..o@.##.......#
#..########...<...# #..
#.......# #.. #.......#
### #.......# #########


You could see an orc.

Vanquished Creatures
  A black bear (D)
  A river rat (D)
  An ufetubus (D)
  An ooze (D)
  An orc (D)
  A goblin (D)
  A hobgoblin (D)
  A frilled lizard (D)
8 creatures vanquished.

Notes
Turn   | Place    | Note
-------+----------+-------------------------------------------
     0 | D        | potatolord6000 the Hill Orc Monk began the quest for the Orb.
     0 | D        | Reached XP level 1. HP: 19/19 MP: 1/1
    16 | D        | Reached skill level 1 in Armour
    23 | D        | Found a bloodstained altar of Trog.
    23 | D        | Found a deep blue altar of Sif Muna.
    23 | D        | Found a viscous altar of Jiyva.
    23 | D        | Found a hazy altar of Hepliaklqana.
    23 | D        | Found an opulent altar of Gozag.
    50 | D        | Found a glowing golden altar of the Shining One.
    50 | D        | Found a glowing silver altar of Zin.
    50 | D        | Found a basalt altar of Yredelemnul.
    50 | D        | Found a shimmering altar of Xom.
    50 | D        | Found an ornate altar of the Wu Jian Council.
    50 | D        | Found a sacrificial altar of Ru.
    50 | D        | Found a stormy altar of Qazlal.
    50 | D        | Found an iron altar of Okawaru.
    50 | D        | Found a sparkling altar of Nemelex Xobeh.
    50 | D        | Found a burning altar of Makhleb.
    50 | D        | Found a blossoming altar of Fedhas.
    50 | D        | Found a white marble altar of Elyvilon.
    50 | D        | Found a shadowy altar of Dithmenos.
    50 | D        | Found a snail-covered altar of Cheibriados.
    52 | D        | Found a radiant altar of Vehumet.
    52 | D        | Found a corrupted altar of Lugonu.
    52 | D        | Found a roughly hewn altar of Beogh.
    54 | D        | Found an ancient bone altar of Kikubaaqudgha.
    54 | D        | Found a hide-covered altar of Uskayaw.
    54 | D        | Found a shattered altar of Ashenzari.
    62 | D        | Became a worshipper of Beogh the Brigand
    62 | D        | Reached * piety under Beogh
    62 | D        | Reached ** piety under Beogh
    85 | D        | Reached skill level 1 in Invocations
    90 | D        | Reached XP level 2. HP: 25/28 MP: 1/3
   129 | D        | Reached skill level 5 in Axes
   135 | D        | Reached skill level 5 in Fighting
   245 | D        | Noticed a black bear
   253 | D        | Reached *** piety under Beogh
   253 | D        | Reached XP level 3. HP: 36/36 MP: 1/5
   264 | D        | Killed a black bear
   264 | D        | Reached skill level 7 in Axes
   264 | D        | Reached skill level 5 in Armour
   264 | D        | Reached skill level 5 in Invocations
   264 | D        | Reached XP level 4. HP: 6/45 MP: 2/8
   264 | D        | Reached XP level 5. HP: 7/51 MP: 2/9
   268 | D        | HP: 2/51 [orc/hand axe (2)]
   272 | D        | Slain by an orc

Vault maps used:
D:        pitsprint

Skill      XL: |  1  2  3 |
---------------+----------+-----
Armour         | 2 5 |  5.1
Fighting       | 4 5 6 |  6.8
Invocations    | 1 2 5 |  5.6
Axes           | 5 7 |  7.4
Dodging        | |  2.4
Stealth        | |  1.5

Action                   |  1- 3 |  4- 6 || total
-------------------------+-------+-------++-------
Melee: Hand axe          |    28 |     7 ||    35
Invok: Smiting           |     2 |       ||     2
  Use: Potion            |     3 |       ||     3
Armor: Robe              |     3 |       ||     3
Dodge: Dodged            |    31 |     2 ||    33

Table legend:
 A = Spawn XP
 B = Non-spawn XP
 C = Spawn XP percentage of total XP
 D = Spawn monster count
 E = Non-spawn monster count
 F = Spawn count percentage of total count
 G = Total turns spent on level
                    A         B        C        D         E        F      G
               +---------+---------+-------+---------+---------+-------+---------
         Total |       0 |     172 |   0.0 |       0 |       8 |   0.0 |   272
               +---------+---------+-------+---------+---------+-------+---------
             D |       0 |     172 |   0.0 |       0 |       8 |   0.0 |   272
               +---------+---------+-------+---------+---------+-------+---------
